 Dungeon Crawl Stone Soup version 0.29.1-15-g9cfb28693d (webtiles) character file.

Game seed: 6027018465825365588

18 BuddhaDhamma the Chopper (level 2, -1/39 HPs)
             Began as a Minotaur Berserker on Mar 20, 2023.
             Was a Follower of Trog.
             Slain by Sigmund
             ... wielding a +0 scythe
              (7 damage)
             ... on level 2 of the Dungeon.
             The game lasted 00:01:28 (1205 turns).

BuddhaDhamma the Chopper (Minotaur Berserker)       Turns: 1205, Time: 00:01:28

Health: -1/39      AC:  6    Str: 21    XL:     2   Next: 48%
Magic:  1/1        EV: 11    Int:  4    God:    Trog [*.....]
Gold:   56         SH:  0    Dex:  9    Spells: 1/1 levels left

rFire   . . .      SeeInvis .   a - +0 hand axe
rCold   . . .      Faith    .   (no shield)
rNeg    . . .      Spirit   .   f - +0 ring mail
rPois   .          Reflect  .   (helmet restricted)
rElec   .          Harm     .   (no cloak)
rCorr   .          Rampage  .   b - +0 pair of gloves
Will    .....                   (no boots)
Stlth   ..........              (no amulet)
HPRegen 0.13/turn               (no ring)
MPRegen 0.07/turn               (no ring)

@: berserking, very quick
A: horns 2, retaliatory headbutt
a: Renounce Religion, Berserk


You were on level 2 of the Dungeon.
You worshipped Trog.
Trog was aware of your devotion.
You visited 1 branch of the dungeon, and saw 2 of its levels.

You collected 56 gold pieces.

Inventory:

Hand Weapons
 a - a +0 hand axe (weapon)
Armour
 b - a +0 pair of gloves (worn)
 f - a +0 ring mail (worn)
Scrolls
 c - 2 scrolls of immolation {unknown}
 g - a scroll of enchant weapon {unknown}
 i - a scroll of identify {unknown}
 j - a scroll of blinking {unknown}
 k - a scroll of torment {unknown}
 m - a scroll of summoning {unknown}
Potions
 d - a potion of flight {unknown}
 e - 2 potions of curing {unknown}
 h - a potion of brilliance {unknown}
 n - a potion of heal wounds {unknown}


   Skills:
 - Level 3.6 Fighting
 + Level 4.7 Axes
 - Level 2.4 Armour
 - Level 2.1 Dodging


You had one spell level left.
You didn't know any spells.
Your spell library was empty.

Dungeon Overview and Level Annotations

Branches:
Dungeon (2/15)

Altars:

Annotations:
D:2 Sigmund


Innate Abilities, Weirdness & Mutations

You have a pair of horns on your head.
You reflexively headbutt those who attack you in melee.


Message History

You hear an angry hiss.
A ball python comes into view.
Sigmund the Dreaded comes into view.
He is wielding a +0 scythe and wearing a +2 robe of cold resistance.
You throw a javelin. The javelin closely misses the kobold.
The javelin pierces through the ball python!
You kill the ball python!
Trog accepts your kill.
Nothing quivered!
Sigmund mumbles some strange words.
Sigmund flickers and vanishes!
Deactivating autopickup; reactivate with Ctrl-A.
The kobold hits you but does no damage.
You closely miss the kobold. Your headbutt misses the kobold.
The kobold hits you but does no damage.
You barely miss the kobold. The kobold hits you but does no damage.
You closely miss the kobold. Something hits you. The kobold barely misses you.
You hit the kobold.
You kill the kobold!
Trog accepts your kill. Something hits you!
You are too injured to fight recklessly!
A red film seems to cover your vision as you go berserk!
You feel yourself moving faster!
You feel mighty!
You feel a strong urge to attack something.
Something hits you.
You miss something. Your headbutt misses something.
Your punch misses something. You barely miss something. Something hits you.
You hit something but do no damage. Your headbutt misses something.
You miss something. Your headbutt misses something. Something hits you!
* * * LOW HITPOINT WARNING * * *
You barely miss something. You barely miss something.
Your headbutt misses something. Something barely misses you.
You slash something! You closely miss something. Something hits you.
* * * LOW HITPOINT WARNING * * *
You miss something. Your headbutt misses something. You miss something.
Something hits you!
You die...

# ...
######.....
#..@{....(.
#.####...#.
#.# .# #.#
#.# #.# #.#
####.##
#.....#
##+# ####


There were no monsters in sight!

Vanquished Creatures
  2 endoplasms (D:1)
  4 jackals (D:1)
  3 kobolds
  A quokka (D:1)
  2 ball pythons
  3 goblins (D:1)
15 creatures vanquished.

Notes
Turn   | Place    | Note
-------+----------+-------------------------------------------
     0 | D:1      | BuddhaDhamma the Minotaur Berserker began the quest for the
                  | Orb.
     0 | D:1      | Reached XP level 1. HP: 19/19 MP: 0/0
   496 | D:1      | Reached skill level 4 in Axes
   500 | D:1      | Reached XP level 2. HP: 26/26 MP: 1/1
   512 | D:1      | Found a faded altar of an unknown god.
  1186 | D:2      | Noticed Sigmund
  1205 | D:2      | Slain by Sigmund

Illustrated notes

Levels and vault maps discovered:
D:1:      minmay_arrival_solitary_statue, layout_basic,
          ebering_ecumenical_altar_sacrificial
D:2:      layout_loops_corners, basic_altar, minmay_hexomino_c4, uniq_sigmund

Skill      XL: |  1 |
---------------+----+-----
Axes           | 4 |  4.7
Fighting       | |  3.6
Armour         | |  2.4
Dodging        | |  2.1

Action                   || total
-------------------------++-------
Melee: Hand axe          ||    41
       Headbutt          ||     2
Throw: Javelin           ||     3
Invok: Berserk           ||     1
Armor: Ring mail         ||    15
Dodge: Dodged            ||    20
